 Dungeon Crawl Stone Soup version 0.17.0-57-g0e89251 (webtiles) character file.

13472 PossumBlood the Cleaver (level 11, -2/101 HPs)
             Began as a Minotaur Fighter on Dec 6, 2015.
             Was a High Priest of Okawaru.
             Slain by a polar bear (21 damage)
             ... on level 11 of the Dungeon on Dec 7, 2015.
             The game lasted 00:35:22 (9688 turns).

PossumBlood the Cleaver (Minotaur Fighter)          Turns: 9688, Time: 00:35:22

Health: -2/101     AC: 24    Str: 25    XL:     11   Next: 76%
Magic:  10/10      EV:  8    Int:  5    God:    Okawaru [*****.]
Gold:   1146       SH:  7    Dex:  9    Spells: 0 memorised, 10 levels left

rFire  . . .     SeeInvis +     i - +6 war axe (flame)
rCold  . . .     Clarity  +     z - +5 plate armour
rNeg   . . .     SustAt   .     N - +1 buckler {AC+3}
rPois  .         Gourm    .     (helmet restricted)
rElec  .         Spirit   .     (no cloak)
rCorr  .         Warding  .     (no gloves)
rMut   .         Stasis   .     M - +0 pair of boots
MR     .....                    B - amulet of clarity
Stlth  ..........               P - +1 ring of evasion
                                C - ring of see invisible

@: not resistant to hostile enchantments, extremely unstealthy
A: retaliatory headbutt, horns 2
a: Heroism, Finesse, Renounce Religion


You were on level 11 of the Dungeon.
You worshipped Okawaru.
Okawaru was extremely pleased with you.
You were not hungry.

You visited 2 branches of the dungeon, and saw 12 of its levels.
You also visited: Ossuary.

You collected 1265 gold pieces.
You spent 119 gold pieces at shops.

Inventory:

Hand Weapons
 a - a +0 battleaxe
 b - a +0 whip of venom
 g - a +1 shortbow of flaming
 i - a +6 war axe of flaming (weapon)
 x - a +2 flail of protection
 G - a +0 dagger of protection
 H - a +0 rapier of speed
Missiles
 k - 334 arrows
 s - 4 tomahawks of returning
 v - 17 tomahawks (quivered)
Armour
 c - a +0 shield
 z - a +5 plate armour (worn)
 M - a +0 pair of boots (worn)
 N - a +1 buckler of protection (worn)
Jewellery
 A - an uncursed ring of ice
 B - an amulet of clarity (around neck)
 C - a ring of see invisible (left hand)
 P - a +1 ring of evasion (right hand)
Wands
 l - a wand of teleportation (4)
 F - a wand of fireball (15)
 L - a wand of invisibility (4)
Scrolls
 f - 14 scrolls of identify
 h - 7 scrolls of remove curse
 q - 8 scrolls of teleportation
 t - 3 scrolls of random uselessness
 w - 4 scrolls of noise
Potions
 d - 2 potions of might
 e - 3 potions of brilliance
 j - a potion of lignification {unknown}
 m - 2 potions of poison
 n - a potion of ambrosia
 r - 3 potions of haste
 u - 4 potions of curing
 I - a potion of agility
 K - a potion of degeneration {unknown}
Books
 y - a book of Maledictions

   Spells                             Type                      Level
   a - Corona                         Hexes                        1
   b - Ensorcelled Hibernation        Hexes/Ice                    2
   c - Confuse                        Hexes                        3
   d - Tukima's Dance                 Hexes                        3
   e - Dazzling Spray                 Conjuration/Hexes            3
 D - a book of Death

   Spells                             Type                      Level
   a - Corpse Rot                     Necromancy                   2
   b - Sublimation of Blood           Necromancy                   2
   c - Agony                          Necromancy                   5
   d - Dispel Undead                  Necromancy                   5
   e - Excruciating Wounds            Charms/Necromancy            5
   f - Bolt of Draining               Conjuration/Necromancy       5
Miscellaneous
 E - a legendary deck of summoning
Comestibles
 o - a meat ration
 p - a bread ration
 J - a beef jerky
 O - a slice of pizza


   Skills:
 + Level 10.6 Fighting
 * Level 14.1 Axes
 + Level 11.0 Armour
 + Level 10.7 Shields


You had 10 spell levels left.
You didn't know any spells.

Dungeon Overview and Level Annotations

Branches:
Dungeon (11/15)            Temple (1/1) D:4            Lair (0/8) D:11
    Orc (0/4) D:10

Altars:
Ashenzari
Cheibriados
Dithmenos
Elyvilon
Fedhas
Gozag
Kikubaaqudgha
Makhleb
Nemelex Xobeh
Okawaru
Qazlal
Ru
Sif Muna
Trog
Vehumet
Xom
Yredelemnul
Zin
The Shining One

Shops:
D:8 (


Innate Abilities, Weirdness & Mutations

You reflexively headbutt those who attack you in melee.
You have a pair of horns on your head.


Message History

The black bear is moderately wounded.
You block the black bear's attack. x2
The black bear claws you but does no damage.
The polar bear goes berserk!
The polar bear bites you.
The polar bear claws you but does no damage. x2
You hit the polar bear. You burn the polar bear.
The polar bear is almost dead.
You hit the black bear. You burn the black bear.
The black bear is severely wounded.
Your plate armour prevents you from hitting the polar bear.
The polar bear is heavily wounded.
The polar bear bites you!!
* * * LOW HITPOINT WARNING * * *
The polar bear claws you but does no damage.
The polar bear misses you.
The black bear goes berserk!
You block the polar bear's attack. The polar bear barely misses you.
The polar bear claws you but does no damage.
Drink which item? (? for menu, Esc to quit)
You feel better. The polar bear bites you!!
You die...

...............†..<......######
...............................
.....###############..#########
.....# #..# .....######### #..#
..........(()###############
...........))...............
............................
...............h@†.......#
.............###hh''###..#
.............#........# ...
.............#........# .
##############........#
....##########........#
.............#........#
.............##########
.......####### #.#


You could see 2 polar bears and a black bear (berserk).

Vanquished Creatures
  A hydra (D:11)
  Pikel (D:6)
  2 hill giants
  A griffon (D:11)
  A komodo dragon (D:11)
  3 trolls
  4 polar bears (D:11)
  Edmund (D:6)
  A two-headed ogre (D:11)
  A blink frog (D:11)
  A deep elf mage (D:9)
  13 yaks
  A hippogriff (D:10)
  A hungry ghost (D:8)
  2 wolves (D:11)
  Menkaure (D:6)
  2 hogs (D:11)
  Duvessa (D:7)
  3 orc warriors
  2 ice beasts
  A necrophage (D:8)
  A phantom (D:8)
  A black bear (D:11)
  2 wasps
  An ogre (D:8)
  4 sky beasts
  An eye of draining (D:9)
  14 centaurs
  5 big kobolds
  4 giant frogs
  A gnoll sergeant (D:7)
  8 killer bees
  6 scorpions
  Dowan (D:7)
  4 centaur zombies
  A quasit (D:9)
  3 giant frog skeletons
  A gnoll shaman (D:7)
  4 crimson imps
  4 orc priests
  8 orc wizards
  4 giant frog zombies
  6 hounds
  4 jellies
  4 worker ants
  A centaur skeleton (D:5)
  Terence (D:3)
  4 iguanas
  A big kobold zombie (Ossuary)
  4 mummies (Ossuary)
  A worker ant zombie (D:8)
  11 adders
  8 gnolls
  2 shadow imps
  2 oozes
  4 worms
  3 giant geckos
  35 orcs
  3 ball pythons
  10 bats
  7 giant cockroaches
  15 hobgoblins
  16 jackals
  6 quokkas
  A giant gecko zombie (D:5)
  5 giant newts
  5 goblins
  6 hobgoblin zombies (Ossuary)
  A jackal skeleton (D:6)
  A jackal zombie (D:6)
  26 kobolds
  3 quokka skeletons
  A quokka zombie (D:9)
  11 rats
330 creatures vanquished.

Vanquished Creatures (others)
  2 slaves (D:6)
  A worker ant (D:6)
  An orc wizard (D:6)
4 creatures vanquished.

Grand Total: 334 creatures vanquished

Notes
Turn   | Place    | Note
--------------------------------------------------------------
     0 | D:1      | PossumBlood the Minotaur Fighter began the quest for the Orb.
     0 | D:1      | Reached XP level 1. HP: 19/19 MP: 0/0
   100 | D:1      | Reached skill level 4 in Shields
   100 | D:1      | Reached XP level 2. HP: 17/27 MP: 1/1
   502 | D:1      | Reached XP level 3. HP: 33/33 MP: 2/2
   679 | D:2      | Found a white marble altar of Elyvilon.
   878 | D:2      | Reached XP level 4. HP: 40/40 MP: 3/3
  1004 | D:2      | Found a shimmering altar of Xom.
  1074 | D:2      | Found a burning altar of Makhleb.
  1478 | D:3      | Reached XP level 5. HP: 47/47 MP: 4/4
  1667 | D:3      | Noticed Terence
  1675 | D:3      | Killed Terence
  2137 | D:4      | Found a sparkling altar of Nemelex Xobeh.
  2188 | D:4      | Reached skill level 5 in Axes
  2194 | D:4      | Noticed a centaur
  2206 | D:4      | Killed a centaur
  2206 | D:4      | Reached skill level 5 in Fighting
  2206 | D:4      | Reached skill level 5 in Shields
  2206 | D:4      | Reached XP level 6. HP: 16/56 MP: 5/5
  2441 | D:4      | Reached skill level 5 in Armour
  2536 | D:4      | Found a sand-covered staircase.
  2544 | Ossuary  | Entered an ossuary
  2657 | Ossuary  | Reached skill level 6 in Axes
  2657 | Ossuary  | Reached XP level 7. HP: 54/61 MP: 6/6
  3502 | D:4      | Found a staircase to the Ecumenical Temple.
  3513 | Temple   | Entered the Ecumenical Temple
  3816 | D:4      | Reached skill level 7 in Axes
  3909 | D:5      | Entered Level 5 of the Dungeon
  3972 | D:5      | Reached XP level 8. HP: 52/70 MP: 7/7
  4050 | D:5      | Found a deep blue altar of Sif Muna.
  4356 | D:6      | Noticed Pikel
  4370 | D:6      | Killed Pikel
  4370 | D:6      | Reached skill level 8 in Axes
  4459 | D:6      | Found a shadowy altar of Dithmenos.
  4546 | D:6      | Found an iron altar of Okawaru.
  4557 | D:6      | Reached skill level 9 in Axes
  4569 | D:6      | Became a worshipper of Warmaster Okawaru
  4725 | D:6      | Noticed Menkaure
  4736 | D:6      | Killed Menkaure
  5100 | D:6      | Found a snail-covered altar of Cheibriados.
  5115 | D:6      | Noticed Edmund
  5117 | D:6      | Found a glowing golden altar of the Shining One.
  5135 | D:6      | Killed Edmund
  5135 | D:6      | Reached * piety under Okawaru
  5135 | D:6      | Reached XP level 9. HP: 66/79 MP: 8/8
  5194 | D:6      | Found an opulent altar of Gozag.
  5368 | D:7      | Reached skill level 10 in Axes
  5758 | D:7      | Noticed Dowan
  5759 | D:7      | Noticed Duvessa
  5765 | D:7      | Killed Dowan
  5771 | D:7      | Killed Duvessa
  6058 | D:7      | Reached ** piety under Okawaru
  6847 | D:8      | Reached skill level 11 in Axes
  6864 | D:8      | Found Boemnitre's Antique Weapon Boutique.
  6876 | D:8      | Bought a runed war axe for 119 gold pieces
  7061 | D:8      | Found a shimmering altar of Xom.
  7239 | D:9      | Noticed a hill giant
  7244 | D:9      | Killed a hill giant
  7244 | D:9      | Reached *** piety under Okawaru
  7244 | D:9      | Reached XP level 10. HP: 37/90 MP: 6/9
  7674 | D:9      | Reached **** piety under Okawaru
  7677 | D:9      | Reached skill level 12 in Axes
  7718 | D:9      | Found a bloodstained altar of Trog.
  7934 | D:10     | Entered Level 10 of the Dungeon
  7992 | D:10     | Noticed a hill giant
  8006 | D:10     | Killed a hill giant
  8301 | D:10     | Found a staircase to the Orcish Mines.
  8461 | D:10     | Reached XP level 11. HP: 88/97 MP: 10/10
  8488 | D:10     | Reached ***** piety under Okawaru
  8670 | D:10     | Reached skill level 13 in Axes
  8710 | D:10     | Reached skill level 10 in Armour
  9088 | D:11     | Reached skill level 10 in Shields
  9113 | D:11     | Reached skill level 10 in Fighting
  9177 | D:11     | Found a staircase to the Lair.
  9370 | D:11     | Noticed a four-headed hydra
  9378 | D:11     | Killed a one-headed hydra
  9379 | D:11     | Received a gift from Okawaru
  9631 | D:11     | Found a huge runed gate.
  9632 | D:11     | Found a huge runed gate.
  9633 | D:11     | Found a huge runed gate.
  9641 | D:11     | Found a huge runed gate.
  9679 | D:11     | Reached skill level 14 in Axes
  9688 | D:11     | Slain by a polar bear

Action                   |  1- 3 |  4- 6 |  7- 9 | 10-12 || total
-------------------------+-------+-------+-------+-------++-------
Melee: War axe           |    89 |   172 |   297 |   256 ||   814
Invok: Heroism           |       |       |     1 |       ||     1
  Use: Potion            |       |     4 |     5 |     1 ||    10
       Scroll            |       |       |    16 |     2 ||    18
  Eat: Bread ration      |       |     2 |     2 |     1 ||     5
       Meat ration       |       |       |     2 |       ||     2
       Royal jelly       |       |       |     1 |       ||     1
       Pizza             |       |       |     1 |       ||     1
